 Dungeon Crawl Stone Soup version 0.27.1-35-g4d5d836560 (webtiles) character file.

Game seed: 4017711999085753373

924 Delamore the Cutter (level 8, -3/44 (50) HPs)
             Began as an Octopode Brigand on May 30, 2022.
             Slain by Duvessa (5 damage)
             ... on level 5 of the Dungeon.
             The game lasted 00:06:25 (6048 turns).

Delamore the Cutter (Octopode Brigand)              Turns: 6048, Time: 00:06:25

HP:   -3/44 (50)    AC:  8    Str: 10    XL:     8   Next: 10%
MP:   8/8           EV: 13    Int: 13    God:
Gold: 209           SH:  0    Dex: 16    Spells: 7/7 levels left

rFire    . . .     SeeInvis .   h - +1 short sword (protect)
rCold    . . .     Faith    .   (no shield)
rNeg     . . .     Spirit   .   (helmet restricted)
rPois    .         Reflect  .   r - amulet of magic regeneration
rElec    .         Harm     .   (no ring)
rCorr    .         Rampage  .   (no ring)
Will     .....                  (no ring)
Stlth    ++++......             (no ring)
HPRegen  0.14/turn              (no ring)
MPRegen  0.36/turn              (no ring)
                                (no ring)
                                (no ring)

@: under a protective aura, heavily drained
A: almost no armour, amphibious, 8 rings, camouflage 1, gelatinous body 1,
(nimble swimmer 1), tentacles
a: no special abilities


You were on level 5 of the Dungeon.
You visited 1 branch of the dungeon, and saw 5 of its levels.
You also visited: Sewer.

You collected 209 gold pieces.

Inventory:

Hand Weapons
 a - a +2 dagger
 h - a +1 short sword of protection (weapon)
Missiles
 b - 16 poisoned darts (quivered)
 d - 2 boomerangs
 i - 158 stones
Jewellery
 e - an amulet of faith
 r - an amulet of magic regeneration (around mantle)
Wands
 k - a wand of polymorph (4)
Scrolls
 f - a scroll of summoning {unknown}
 g - 3 scrolls of enchant armour
 j - a scroll of immolation
 q - a scroll of amnesia
 t - a scroll of teleportation {unknown}
 u - a scroll of fog {unknown}
 w - a scroll of fear {unknown}
Potions
 c - 2 potions of heal wounds {unknown}
 l - a potion of lignification
 m - 2 potions of brilliance
 n - 2 potions of curing
 o - 2 potions of cancellation
 p - a potion of resistance {unknown}
 s - a potion of haste {unknown}
 x - a potion of magic {unknown}


   Skills:
 - Level 2.0 Fighting
 * Level 7.6 Short Blades
 + Level 5.4 Throwing
 - Level 1.0 Dodging
 - Level 5.3 Stealth


You had 7 spell levels left.
You didn't know any spells.
Your spell library contained the following spells:

 Spells                   Type           Power      Damage    Failure   Level
 Magic Dart               Conj           0%         1d3       30%         1
 Searing Ray              Conj           0%         3d3       43%         2
 Animate Dead             Necr           0%         N/A       97%         4
 Fulminant Prism          Conj/Hex       0%         3d6       97%         4
 Haunt                    Necr/Summ      0%         N/A       100%        7
 Infestation              Necr           0%         N/A       100%        8


Dungeon Overview and Level Annotations

Branches:
Dungeon (5/15)              Sewer (visited)
 Temple: D:4-7

Altars:
Nemelex Xobeh
Vehumet

Annotations:
D:4 exclusion: statue
D:5 Duvessa, Edmund


Innate Abilities, Weirdness & Mutations

You cannot wear most types of armour.
You are amphibious.
You can wear up to eight rings at the same time.
Your skin changes colour to match your surroundings (Stealth+).
Your rubbery body absorbs attacks. (AC +1, EV +1)
((You are camouflaged near water. (Stealth+)))
You have tentacles for arms and can constrict up to eight enemies at once.


Message History

Aim: Duvessa, wielding a +3 short sword of draining and wearing a +0 leather armour (berserk, 66% to hit)
You throw a poisoned dart. The poisoned dart hits Duvessa.
Duvessa is poisoned.
Throw: 19 darts (poison)
Press: ? - help, Q - select action, (/) - cycle Shift-Dir - straight line, f/p - Duvessa
Aim: Duvessa, wielding a +3 short sword of draining and wearing a +0 leather armour (lightly wounded, berserk, poisoned, 66% to hit)
You throw a poisoned dart. The poisoned dart hits Duvessa.
Duvessa is lightly wounded.
Throw: 18 darts (poison)
Press: ? - help, Q - select action, (/) - cycle Shift-Dir - straight line, f/p - Duvessa
Aim: Duvessa, wielding a +3 short sword of draining and wearing a +0 leather armour (lightly wounded, berserk, poisoned, 66% to hit)
You throw a poisoned dart.
The poisoned dart barely misses Duvessa.
Throw: 17 darts (poison)
Press: ? - help, Q - select action, (/) - cycle Shift-Dir - straight line, f/p - Duvessa
Aim: Duvessa, wielding a +3 short sword of draining and wearing a +0 leather armour (lightly wounded, berserk, poisoned, 66% to hit)
You throw a poisoned dart. The poisoned dart hits Duvessa.
Duvessa looks even sicker.
Duvessa is lightly wounded.
You hit Duvessa.
Your weapon exudes an aura of protection.
Your grab misses Duvessa.
Duvessa is lightly wounded.
Duvessa closely misses you.
You barely miss Duvessa. Your grab misses Duvessa.
Duvessa is lightly wounded.
Duvessa misses you.
You closely miss Duvessa. You grab Duvessa. You squeeze Duvessa!
Duvessa is moderately wounded.
You constrict Duvessa, but do no damage.
Duvessa hits you with a +3 short sword of draining!
You feel drained.
You hit Duvessa.
Duvessa is moderately wounded.
You constrict Duvessa.
Duvessa hits you with a +3 short sword of draining!
You feel drained.
Duvessa hits you with a +3 short sword of draining!
* * * LOW HITPOINT WARNING * * *
You feel drained.
You die...

##.#.....#.# ##....#.# #.#
#.###.#.#.# ####.#.# #.#
#.....#.#.#######.#†#
#.#####
########.#<........#.#
#.....#
,..........#########.#
#####.#
*#######.............# #.#
*#######################.#
*........................#
*......((.(e@#############
*............#
*.....(.)....#
*............#
*............#
*............#
*.......(....# #
*...........## #
*...........#


You could see Duvessa (berserk, very poisoned).

Vanquished Creatures
  Grinder (D:4)
  A kobold brigand (Sewer)
  Blork the orc (D:4)
  A bullfrog (D:5)
  A scorpion (D:4)
  Dowan (D:5)
  A hound (D:5)
  An orc priest (D:3)
  Natasha (thrice) (D:2)
  2 iguanas
  An orc wizard (D:3)
  8 adders
  A river rat (D:5)
  An adder skeleton (D:4)
  2 worms (Sewer)
  5 dart slugs
  5 orcs
  7 ball pythons
  12 endoplasms
  4 giant cockroaches
  4 goblins
  11 hobgoblins
  3 jackals (D:1)
  3 quokkas
  8 bats
  5 frilled lizards
  19 kobolds
  9 rats
121 creatures vanquished.

Notes
Turn   | Place    | Note
-------+----------+-------------------------------------------
     0 | D:1      | Delamore the Octopode Brigand began the quest for the Orb.
     0 | D:1      | Reached XP level 1. HP: 14/14 MP: 1/1
    69 | D:1      | Reached XP level 2. HP: 5/19 MP: 2/2
   592 | D:1      | Reached skill level 3 in Short Blades
   632 | D:1      | Reached XP level 3. HP: 24/24 MP: 3/3
  1281 | D:2      | Reached XP level 4. HP: 29/29 MP: 4/4
  1620 | D:2      | Noticed Natasha
  1623 | D:2      | Killed Natasha
  1624 | D:2      | Reached skill level 4 in Short Blades
  1712 | D:2      | Reached XP level 5. HP: 28/34 MP: 5/5
  1872 | D:2      | Found a faded altar of an unknown god.
  1938 | D:2      | Noticed Natasha
  1946 | D:2      | Killed Natasha
  1965 | D:2      | Noticed Natasha
  2176 | D:2      | Killed Natasha
  3054 | D:4      | Reached skill level 5 in Short Blades
  3226 | D:3      | Reached XP level 6. HP: 27/39 MP: 6/6
  3970 | D:4      | Found a sparkling altar of Nemelex Xobeh.
  4094 | D:4      | Noticed Blork the orc
  4110 | D:5      | Entered Level 5 of the Dungeon
  4286 | D:5      | Found a glowing drain.
  4419 | Sewer    | Entered a sewer
  4499 | Sewer    | Reached skill level 6 in Short Blades
  4499 | Sewer    | Reached XP level 7. HP: 35/45 MP: 7/7
  4880 | D:5      | Noticed Edmund
  4882 | D:5      | Noticed a steam dragon
  4916 | D:4      | Killed Blork the orc
  5372 | D:4      | Found a radiant altar of Vehumet.
  5444 | D:4      | Noticed Grinder
  5456 | D:4      | Killed Grinder
  5457 | D:4      | Reached skill level 7 in Short Blades
  5457 | D:4      | Reached skill level 5 in Throwing
  5811 | D:5      | Reached XP level 8. HP: 50/50 MP: 8/8
  5896 | D:5      | Noticed Dowan
  5927 | D:5      | Killed Dowan
  5929 | D:5      | Noticed Duvessa
  6048 | D:5      | HP: 2/46 [Duvessa (15)]
  6048 | D:5      | Slain by Duvessa

Illustrated notes

Levels and vault maps discovered:
D:1:      mrwooster_arrival_arrow, layout_loops_ring, minmay_tall_x
D:2:      layout_rooms, hellmonk_ecumenical_altar_inner_sanctum, uniq_natasha
D:3:      layout_basic, grunt_decor_resistance, minmay_goblin_kobold_house
D:4:      layout_rooms, mainiacjoe_overflow_chevrons, vehumet_statue, hex_large,
          uniq_grinder, uniq_blork_the_orc
D:5:      layout_basic, gup_sewer_entry_bubbles, uniq_crazy_yiuf_cottage,
          uniq_duvessa, uniq_edmund

Skill      XL: |  1  2  3  4  5  6  7 |
---------------+----------------------+-----
Short Blades   | 3 4 5 6 7 |  7.6
Throwing       | 3 4 5 |  5.4
Fighting       | |  2.0
Dodging        | |  1.0
Stealth        | |  5.3

Action                   |  1- 3 |  4- 6 |  7- 9 || total
-------------------------+-------+-------+-------++-------
Melee: Dagger            |    73 |     4 |       ||    77
       Constrict         |    15 |    26 |     8 ||    49
       Tentacles         |     7 |    15 |    11 ||    33
       Short sword       |       |   122 |    53 ||   175
Throw: Dart              |     2 |    15 |     9 ||    26
       Boomerang         |       |     2 |       ||     2
  Use: Scroll            |     2 |     7 |       ||     9
       Potion            |       |     1 |     1 ||     2
 Stab: Sleeping          |    20 |    17 |     9 ||    46
       Distracted        |       |     1 |       ||     1
Armor: Skin              |     4 |    24 |     5 ||    33
Dodge: Dodged            |    28 |    41 |    16 ||    85
